 Dungeon Crawl Stone Soup version 0.30.0-29-ga12c61a403 (webtiles) character file.

Game seed: 387963745464125218

95 Irreverend the Insei (level 4, -5/34 HPs)
             Began as a Gnoll Transmuter on June 5, 2023.
             Slain by an orc
             ... wielding a +0 war axe
              (7 damage)
             ... on level 3 of the Dungeon.
             The game lasted 00:02:40 (2116 turns).

Irreverend the Insei (Gnoll Transmuter)             Turns: 2116, Time: 00:02:41

Health: -5/34      AC:  6    Str: 11    XL:     4   Next: 66%
Magic:  11/11      EV: 10    Int: 12    God:
Gold:   167        SH:  0    Dex: 13    Spells: 12/13 levels left

rFire   . . .        f - +3 spear
rCold   . . .        (no shield)
rNeg    . . .        m - +0 scale mail
rPois   .            (no helmet)
rElec   .            (no cloak)
rCorr   .            (no gloves)
SInv    .            (no boots)
Will    .....        (no amulet) Stlth
                     (no ring)
HPRegen 0.25/turn    (no ring)
MPRegen 0.12/turn

%: no passive effects
@: no status effects
A: fangs 1, strong nose, distributed training
a: no special abilities


You were on level 3 of the Dungeon.
You visited 1 branch of the dungeon, and saw 3 of its levels.

You collected 167 gold pieces.

Inventory:

Hand Weapons
 f - a +3 spear (weapon)
Armour
 a - a +0 robe
 m - a +0 scale mail (worn)
Scrolls
 c - a scroll of fear {unknown}
 d - a scroll of poison {unknown}
 e - 4 scrolls of identify {unknown}
 h - a scroll of enchant armour {unknown}
 j - 2 scrolls of blinking {unknown}
 k - a scroll of fog {unknown}
 n - 2 scrolls of teleportation {unknown}
 p - a scroll of magic mapping {unknown}
Potions
 b - a potion of lignification
 g - 3 potions of attraction {unknown}
 i - a potion of heal wounds {unknown}
 l - a potion of curing {unknown}
 o - a potion of cancellation {unknown}
 q - a potion of magic {unknown}


   Skills:
 + Level 2.8 Fighting
 + Level 1.2 Short Blades
 + Level 1.2 Long Blades
 + Level 1.2 Axes
 + Level 1.2 Maces & Flails
 + Level 1.2 Polearms
 + Level 1.2 Staves
 + Level 1.2 Ranged Weapons
 + Level 1.2 Throwing
 + Level 1.2 Armour
 + Level 4.7 Dodging
 + Level 1.2 Stealth
 + Level 1.2 Shields
 + Level 6.6 Unarmed Combat
 + Level 5.1 Spellcasting
 + Level 1.0 Conjurations
 + Level 1.0 Hexes
 + Level 1.0 Summonings
 + Level 1.0 Necromancy
 + Level 1.0 Translocations
 + Level 3.9 Transmutations
 + Level 1.0 Fire Magic
 + Level 1.0 Ice Magic
 + Level 1.0 Air Magic
 + Level 1.0 Earth Magic
 + Level 1.0 Poison Magic
 + Level 1.4 Invocations
 + Level 1.2 Evocations


You had 12 spell levels left.
You knew the following spells:

 Your Spells              Type           Power      Damage    Failure   Level
a - Beastly Appendage     Tmut           24%        N/A       24%         1

Your spell library contained the following spells:

 Spells                   Type           Power      Damage    Failure   Level
 Wereblood                Tmut           12%        N/A       34%         2
 Sublimation of Blood     Necr           5%         N/A       75%         2
 Spider Form              Tmut/Pois      9%         N/A       77%         3
 Ice Form                 Ice/Tmut       9%         N/A       99%         4
 Petrify                  Tmut/Erth      9%         N/A       99%         4
 Irradiate                Conj/Tmut      4%         3d13      100%        5
 Chain Lightning          Conj/Air       2%         3d3       100%        9
 Fire Storm               Conj/Fire      2%         8d1       100%        9
 Shatter                  Erth           2%         3d6*      100%        9


Dungeon Overview and Level Annotations

Branches:
Dungeon (3/15)

Altars:


Innate Abilities, Weirdness & Mutations

You have very sharp teeth.
Your uncanny sense of smell can sniff out nearby items.
Your experience applies equally to all skills.


Message History

Something completely misses you.
You hit something. Your bite misses something.
Something hits you but does no damage.
You miss something. Something hits you but does no damage.
You miss something. Something hits you but does no damage.
You closely miss something.
You hear some strange, mumbled words.
A puff of flame appears from out of thin air!
The puff of flame hits you!
You barely miss something. Your bite misses something.
Something hits you but does no damage.
You completely miss something. Something hits you but does no damage.
You closely miss something. You bite something. Something hits you.
You hit something. Your bite misses something.
Something hits you but does no damage.
You hit something.
You hear some strange, mumbled words.
A puff of flame appears from out of thin air!
The puff of flame hits you!
* * * LOW HITPOINT WARNING * * *
Something hits you.
* * * LOW HITPOINT WARNING * * *
You barely miss something. Something hits you but does no damage.
You hit something.
Reactivating autopickup.
You feel a bit more experienced.
Your Conjurations skill increases to level 1!
Your Hexes skill increases to level 1!
Your Summonings skill increases to level 1!
Your Necromancy skill increases to level 1!
Your Translocations skill increases to level 1!
Your Fire Magic skill increases to level 1!
Your Ice Magic skill increases to level 1!
Your Air Magic skill increases to level 1!
Your Earth Magic skill increases to level 1!
Your Poison Magic skill increases to level 1!
You hit the orc.
The orc is severely wounded.
The orc hits you with a +0 war axe!
You die...

##########'#### #
#.............# # #
#.............# ..
#.............# ...
#.........)...# ....∆
#.............# .....
#.............#
......###.)..†........#
.....oro@.......>.....#
......###.............#
..... ####..........#
.... #####.###### ###
#^# #.# #.# #.# #.#


You could see 2 orcs and a rat.

Vanquished Creatures
  An orc wizard (D:3)
  2 adders (D:2)
  2 worms (D:1)
  An orc (D:3)
  2 bats (D:1)
  An endoplasm (D:3)
  5 giant cockroaches
  2 goblins
  5 hobgoblins
  6 jackals (D:1)
  2 quokkas (D:2)
  4 ball pythons
  2 frilled lizards (D:2)
  5 kobolds
  3 rats
43 creatures vanquished.

Notes
Turn   | Place    | Note
-------+----------+-------------------------------------------
     0 | D:1      | Irreverend the Gnoll Transmuter began the quest for the
                  | Orb.
     0 | D:1      | Reached XP level 1. HP: 17/17 MP: 6/6
    42 | D:1      | Reached XP level 2. HP: 17/23 MP: 5/7
   672 | D:1      | Reached skill level 5 in Spellcasting
   672 | D:1      | Reached XP level 3. HP: 28/28 MP: 7/9
  1260 | D:2      | Reached skill level 1 in Invocations
  1489 | D:2      | Reached skill level 1 in Short Blades
  1489 | D:2      | Reached skill level 1 in Long Blades
  1489 | D:2      | Reached skill level 1 in Axes
  1489 | D:2      | Reached skill level 1 in Maces & Flails
  1489 | D:2      | Reached skill level 1 in Polearms
  1489 | D:2      | Reached skill level 1 in Staves
  1489 | D:2      | Reached skill level 1 in Ranged Weapons
  1489 | D:2      | Reached skill level 1 in Throwing
  1489 | D:2      | Reached skill level 1 in Armour
  1489 | D:2      | Reached skill level 1 in Stealth
  1489 | D:2      | Reached skill level 1 in Shields
  1489 | D:2      | Reached skill level 1 in Evocations
  1761 | D:2      | Reached XP level 4. HP: 33/34 MP: 11/11
  2113 | D:3      | HP: 1/34 [something (3)]
  2116 | D:3      | Reached skill level 1 in Conjurations
  2116 | D:3      | Reached skill level 1 in Hexes
  2116 | D:3      | Reached skill level 1 in Summonings
  2116 | D:3      | Reached skill level 1 in Necromancy
  2116 | D:3      | Reached skill level 1 in Translocations
  2116 | D:3      | Reached skill level 1 in Fire Magic
  2116 | D:3      | Reached skill level 1 in Ice Magic
  2116 | D:3      | Reached skill level 1 in Air Magic
  2116 | D:3      | Reached skill level 1 in Earth Magic
  2116 | D:3      | Reached skill level 1 in Poison Magic
  2116 | D:3      | Slain by an orc

Illustrated notes

Levels and vault maps discovered:
D:1:      dpeg_arrival_shelter, layout_basic, minmay_misc_feat_four_crosses,
          nicolae_wormholes
D:2:      layout_basic, minmay_fractal_squares_5
D:3:      cheibrodos_pilgrimage, layout_basic,
          wander_ebering_terrifying_dragon_lair

Skill      XL: |  1  2  3  4 |
---------------+-------------+-----
Spellcasting   | 5 |  5.1
Invocations    | 1 |  1.4
Short Blades   | 1 |  1.2
Long Blades    | 1 |  1.2
Axes           | 1 |  1.2
Maces & Flails | 1 |  1.2
Polearms       | 1 |  1.2
Staves         | 1 |  1.2
Ranged Weapons | 1 |  1.2
Throwing       | 1 |  1.2
Armour         | 1 |  1.2
Stealth        | 1 |  1.2
Shields        | 1 |  1.2
Evocations     | 1 |  1.2
Conjurations   | 1 |  1.0
Hexes          | 1 |  1.0
Summonings     | 1 |  1.0
Necromancy     | 1 |  1.0
Translocations | 1 |  1.0
Fire Magic     | 1 |  1.0
Ice Magic      | 1 |  1.0
Air Magic      | 1 |  1.0
Earth Magic    | 1 |  1.0
Poison Magic   | 1 |  1.0
Fighting       | |  2.8
Dodging        | |  4.7
Unarmed Combat | |  6.6
Transmutations | |  3.9

Action                     |  1- 3 |  4- 6 || total
---------------------------+-------+-------++-------
  Melee: Unarmed           |    27 |       ||    27
         Kick              |     5 |       ||     5
         Bite              |     4 |     2 ||     6
         Punch             |     2 |       ||     2
         Headbutt          |     1 |       ||     1
         Spear             |    84 |    33 ||   117
   Cast: Beastly Appendage |     5 |       ||     5
   Stab: Sleeping          |     2 |       ||     2
 Armour: Robe              |    19 |       ||    19
         Scale mail        |     6 |    16 ||    22
  Dodge: Dodged            |    83 |     3 ||    86
